 Dungeon Crawl Stone Soup version 0.30-a0-862-g1aabd4f9c5 (webtiles) character file.

Game seed: 12008769486546196719

333 LynnLen the Vexing (level 6, -3/28 HPs)
             Began as a Spriggan Enchanter on Mar 10, 2023.
             Was an Initiate of Gozag.
             Slain by a black bear (10 damage)
             ... on level 6 of the Dungeon.
             The game lasted 00:23:52 (5016 turns).

LynnLen the Vexing (Spriggan Enchanter)             Turns: 5016, Time: 00:23:52

Health: -3/28      AC:  3    Str:  4    XL:     6   Next: 27%
Magic:  13/14      EV: 17    Int: 20    God:    Gozag
Gold:   174        SH:  0    Dex: 16    Spells: 6/14 levels left

rFire   x . .      SeeInvis +    m - +5 mace of Xiukuel {heavy, Will+ Int+2}
rCold   + . .      Faith    .    (no shield)
rNeg    . . .      Spirit   .    b - +1 robe
rPois   .          Reflect  .    (helmet restricted)
rElec   .          Rampage  .    (no cloak)
rCorr   .                        (gloves unavailable)
Will    ++...                    (boots unavailable)
Stlth   +++                      (no amulet)
HPRegen 0.24/turn                i - ring of flight
MPRegen 0.14/turn                q - ring of ice

@: flying, very quick
A: very small, no large weapons, unfitting armour, see invisible, speed 3
a: Renounce Religion, Potion Petition, Call Merchant, Bribe Branch


You were on level 6 of the Dungeon.
You worshipped Gozag.
Gozag was aware of your devotion.
You visited 2 branches of the dungeon, and saw 7 of its levels.

You collected 278 gold pieces.
You paid 104 gold pieces to Gozag.

Inventory:

Hand Weapons
 a - a +2 dagger of chaos
 m - the +5 mace of Xiukuel (weapon) {heavy, Will+ Int+2}
   (You found it on level 3 of the Dungeon)

   Int:       It affects your intelligence (+2).
   Will:      It increases your willpower.
 r - a +0 whip
Missiles
 f - 50 stones (quivered)
 j - a throwing net
Armour
 b - a +1 robe (worn)
Jewellery
 i - a ring of flight (left hand)
 q - a ring of ice (right hand)
Scrolls
 k - a scroll of amnesia
 n - a scroll of brand weapon
 s - a scroll of fear
Potions
 c - 2 potions of invisibility
 d - a potion of curing {unknown}
 e - 2 potions of attraction {unknown}
 g - 2 potions of mutation {unknown}
 h - a potion of resistance
 l - a potion of degeneration {unknown}
 o - a potion of cancellation {unknown}
 p - 2 potions of ambrosia {unknown}


   Skills:
 - Level 1.8 Short Blades
 * Level 2.0 Maces & Flails
 - Level 2.6 Dodging
 - Level 4.4 Stealth
 + Level 4.9 Spellcasting
 + Level 6.1 Hexes


You had 6 spell levels left.
You knew the following spells:

 Your Spells              Type           Power      Damage    Failure   Level
a - Ensorcelled Hibernat  Hex/Ice        50%        N/A       4%          2
b - Confusing Touch       Hex            29%        N/A       2%          3
c - Tukima's Dance        Hex            29%        N/A       2%          3

Your spell library contained the following spells:

 Spells                   Type           Power      Damage    Failure   Level
 Dazzling Flash           Conj/Hex       34%        N/A       10%         3
 Cigotuvi's Dreadful Rot  Necr/Pois/Air  8%         N/A       19%         2
 Poisonous Vapours        Pois/Air       8%         N/A       19%         2
 Mephitic Cloud           Conj/Pois/Air  4%         N/A       34%         3


Dungeon Overview and Level Annotations

Branches:
Dungeon (6/15)             Temple (1/1) D:4

Altars:
Ashenzari
Dithmenos
Elyvilon
Gozag
Hepliaklqana
Makhleb
Nemelex Xobeh
Trog
Uskayaw
Wu Jian
Xom
Yredelemnul
Zin


Innate Abilities, Weirdness & Mutations

You are very small and have problems with some larger weapons.
You are too small for most types of armour.
You have supernaturally acute eyesight. (SInv)
You cover ground extremely quickly. (Speed+++)


Message History

Found a stone staircase leading down.
A black bear comes into view.
There is an open door here.
The black bear growls angrily.
There is a stone staircase leading down here.
Casting: Confusing Touch (dangerous; 2% risk of failure)
Confirm with . or Enter, or press ? or * to list all spells.
Aiming: Ensorcelled Hibernation (safe; 4% risk of failure)
Press: ? - help, Shift-Dir - straight line, f - black bear
Aim: a black bear (chance to affect: 56%)
You feel a surge of power!
The black bear looks drowsy...
The helpless black bear fails to defend itself.
You thump the black bear!
The black bear is heavily wounded.
The black bear misses you. The black bear closely misses you.
The black bear barely misses you. The black bear bites you.
The black bear misses you. The black bear closely misses you.
You sock the black bear!
The black bear is severely wounded.
The black bear closely misses you. The black bear misses you.
The black bear claws you.
The black bear bites you but does no damage.
The black bear closely misses you. The black bear claws you.
You barely miss the black bear.
The black bear is severely wounded.
The black bear bites you. The black bear misses you. x2
The black bear bites you.
The black bear claws you but does no damage.
The black bear misses you.
You barely miss the black bear.
The black bear is severely wounded.
The black bear closely misses you. The black bear claws you.
The black bear closely misses you. The black bear bites you!
* * * LOW HITPOINT WARNING * * *
The black bear misses you. x2
You hit the black bear.
The black bear is severely wounded.
The black bear goes berserk!
The black bear bites you!
You die...
Your body crumbles into a pile of gold.

...............#
....#+####......
....# ...... ....#
...... ....# ......
....#+#### .....
##.......###########
.#.......#....#.h..#
.#.......+....#.@..#
.#.......#....#....#
.#.......#....'>...#
'#.......##+###....#
..............#....#
..............###+###
....................#
....................#
....................#


You could see a black bear (berserk).

Vanquished Creatures
  A black bear (D:6)
  2 sleepcaps
  2 iguanas (D:6)
  6 adders
  3 worms (D:4)
  A dart slug (D:1)
  6 orcs
  5 endoplasms
  3 giant cockroaches
  6 goblins
  7 hobgoblins
  5 kobolds
  5 quokkas
  6 ball pythons
  4 bats
  4 frilled lizards
  9 rats
75 creatures vanquished.

Notes
Turn   | Place    | Note
-------+----------+-------------------------------------------
     0 | D:1      | LynnLen the Spriggan Enchanter began the quest for the Orb.
     0 | D:1      | Reached XP level 1. HP: 9/9 MP: 5/5
   148 | D:1      | Reached skill level 4 in Hexes
   189 | D:1      | Reached XP level 2. HP: 9/13 MP: 6/6
   458 | D:1      | Learned a level 2 spell: Ensorcelled Hibernation
   930 | D:2      | Reached XP level 3. HP: 16/16 MP: 8/8
   961 | D:2      | Found a faded altar of an unknown god.
  1452 | D:2      | Reached skill level 5 in Hexes
  2175 | D:3      | Reached XP level 4. HP: 21/21 MP: 1/10
  2295 | D:3      | Learned a level 3 spell: Confusing Touch
  2299 | D:3      | Learned a level 3 spell: Tukima's Dance
  2833 | D:3      | Identified the +5 mace of Xiukuel {heavy, Will+ Int+2}
  3137 | D:4      | You are sucked into a shaft and drop 2 floors!
  3141 | D:6      | Found an ornate altar of the Wu Jian Council.
  3145 | D:5      | Entered Level 5 of the Dungeon
  3159 | D:5      | Noticed a black bear
  3575 | D:4      | Found a staircase to the Ecumenical Temple.
  3590 | D:4      | Reached XP level 5. HP: 20/24 MP: 10/12
  4063 | Temple   | Entered the Ecumenical Temple
  4072 | Temple   | Became a worshipper of Gozag Ym Sagoz the Greedy
  4544 | D:6      | Found a sparkling altar of Nemelex Xobeh.
  4549 | D:6      | Reached skill level 1 in Maces & Flails
  4605 | D:6      | Noticed a black bear
  4665 | D:6      | Killed a black bear
  4666 | D:6      | Reached skill level 6 in Hexes
  4666 | D:6      | Reached XP level 6. HP: 11/28 MP: 10/14
  5016 | D:6      | Slain by a black bear

Illustrated notes

Levels and vault maps discovered:
D:1:      enne_arrival_octagon_isle, layout_loops_ring
D:2:      minmay_angry_zag, layout_basic, ebering_ecumenical_altar_petrified
D:3:      layout_basic, dk_noncrumbling_2, minivault_5
D:4:      layout_basic, minmay_temple_entry_junction
D:5:      layout_loops_ring, grunt_temple_overflow_magic_moments
D:6:      layout_gridville, kennysheep_little_box, mainiacjoe_overflow_catwalk
Temple:   minmay_freezing_vapour_temple

Skill      XL: |  1  2  3  4  5  6 |
---------------+-------------------+-----
Hexes          | 4 5 6 |  6.1
Spellcasting   | 3 4 |  4.9
Maces & Flails | 1 2 |  2.0
Short Blades   | |  1.8
Dodging        | |  2.6
Stealth        | |  4.4

Action                     |  1- 3 |  4- 6 || total
---------------------------+-------+-------++-------
  Melee: Dagger            |   109 |    19 ||   128
         Mace              |       |    72 ||    72
   Cast: Ensorcelled Hiber |    16 |    37 ||    53
         Confusing Touch   |       |     4 ||     4
         Tukima's Dance    |       |     1 ||     1
    Use: Scroll            |     9 |     1 ||    10
   Stab: Sleeping          |    20 |    18 ||    38
         Confused          |       |     2 ||     2
 Armour: Robe              |     7 |    15 ||    22
  Dodge: Dodged            |    67 |   126 ||   193

Table legend: (Time is in decaauts)
 A = Elapsed time spent in this place.
 B = Non-inter-level travel time spent in this place.
 C = Inter-level travel time spent in this place.
 D = Time resting spent in this place.
 E = Time spent auto-exploring this place.
 F = Levels seen in this place.
 G = Mean time per level.
                   A        B        C        D        E       F      G
               +--------+--------+--------+--------+--------+-----+--------+
         Total |   3528 |   3508 |     20 |    556 |   1180 |   7 |  504.0 |
       Dungeon |   3516 |   3496 |     20 |    556 |   1180 |   6 |  586.0 |
        Temple |     12 |     12 |      0 |      0 |      0 |   1 |   12.0 |
               +--------+--------+--------+--------+--------+-----+--------+

Top non-repeatable levels by time:
     D:2: 858 daAuts
     D:4: 713 daAuts
     D:3: 657 daAuts
     D:1: 598 daAuts
     D:6: 528 daAuts
     D:5: 159 daAuts
  Temple: 12 daAuts
